 Dungeon Crawl Stone Soup version 0.22.0-2-ge58baed0e8 (webtiles) character file.

115 Kirk the Magician (level 4, -2/30 HPs)
             Began as a Demonspawn Wizard on Aug 12, 2018.
             Slain by a gnoll
             ... wielding a +0 spear
              (10 damage)
             ... on level 3 of the Dungeon.
             The game lasted 00:04:56 (2578 turns).

Kirk the Magician (Demonspawn Wizard)               Turns: 2578, Time: 00:04:57

Health: -2/30      AC:  2    Str:  7    XL:     4   Next: 68%
Magic:  1/10       EV: 12    Int: 21    God:
Gold:   140        SH:  0    Dex: 11    Spells: 2/11 levels left

rFire    . . .     SeeInvis .   f - +0 short sword
rCold    . . .     Gourm    .   (no shield)
rNeg     + . .     Faith    .   a - +0 robe
rPois    .         Spirit   .   b - +0 hat
rElec    .         Reflect  .   (no cloak)
rCorr    .         Harm     .   (no gloves)
MR       .....                  (no boots)
Stlth    ++........             (no amulet)
HPRegen  0.10/turn              c - ring of positive energy
MPRegen  0.12/turn              (no ring)

@: very slightly contaminated
A: horns 1, powered by death 1
a: no special abilities


You were on level 3 of the Dungeon.
You were not hungry.

You visited 1 branch of the dungeon, and saw 3 of its levels.

You collected 140 gold pieces.

Inventory:

Hand Weapons
 f - a +0 short sword (weapon)
Missiles
 n - 12 poisoned needles
Armour
 a - a +0 robe (worn)
 b - a +0 hat (worn)
Jewellery
 c - a ring of positive energy (left hand)
Scrolls
 e - a scroll of blinking
 g - a scroll of remove curse
Potions
 h - a potion of resistance {unknown}
 i - a potion of curing {unknown}
 k - 3 potions of lignification {unknown}
 l - a potion of magic {unknown}
 m - a potion of heal wounds {unknown}
Comestibles
 d - 3 rations


   Skills:
 - Level 0.1 Short Blades
 - Level 1.7 Dodging
 - Level 1.7 Stealth
 + Level 4.2 Spellcasting
 * Level 3.2 Conjurations
   Level 1.0 Summonings
 + Level 0.8 Translocations


You had 2 spell levels left.
You knew the following spells:

 Your Spells              Type           Power        Failure   Level  Hunger
a - Magic Dart            Conj           ###.         3%          1    None
b - Blink                 Tloc           N/A          12%         2    #......
c - Conjure Flame         Conj/Fire      ##......     19%         3    ###....
d - Mephitic Cloud        Conj/Pois/Air  #.......     22%         3    ###....

Your spell library contained the following spells:

 Spells                   Type           Power        Failure   Level  Hunger
 Slow                     Hex            #.......     19%         2    #......
 Call Imp                 Summ           #.......     12%         2    #......


Dungeon Overview and Level Annotations

Branches:
Dungeon (3/15)

Altars:

Annotations:
D:3 Grinder


Innate Abilities, Weirdness & Mutations

You have a pair of small horns on your head.
You regenerate a little health from kills.


Message History

Confirm with . or Enter, or press ? or * to list all spells.
Aiming: Magic Dart (safe; 3% risk of failure)
Press: ? - help, Shift-Dir - straight line, f/p - gnoll
Aim: a gnoll, wielding a spear (severely wounded)
The magic dart hits the gnoll.
The gnoll is severely wounded.
The gnoll hits you from afar with a spear!
* * * LOW HITPOINT WARNING * * *
Okay, then.
A dart slug comes into view.
The dart slug moves out of view.
Casting: Magic Dart (safe; 3% risk of failure)
Confirm with . or Enter, or press ? or * to list all spells.
Aiming: Magic Dart (safe; 3% risk of failure)
Press: ? - help, Shift-Dir - straight line, f/p - gnoll
Aim: a gnoll, wielding a spear (heavily wounded)
The magic dart hits the gnoll.
The gnoll is severely wounded.
The gnoll hits you from afar with a spear!
You die...

#........####.
##.#.#.#.# #
#.#.#.#.# #
...#.#.# #
#..#.#.# ####
#..#.#(# ...#
#.(#.#.# ##.#
##..#.#.####.#
...#
#.@..........#
...##########
#.#.....###..#
.#รท.........#
#g#.......# #
.#..........#
#.#...###.#
.#..........#
#.#..... .#
.#..).......#
#.##..### #
.##.........#
#.##...
.##.........#
#.##.>..
.##.........#
#.#


You could see a gnoll.

Vanquished Creatures
  2 gnolls (D:3)
  5 adders
  An ooze (D:2)
  A worm (D:2)
  2 dart slugs
  2 leopard geckos
  2 bats
  2 giant cockroaches (D:3)
  3 goblins
  4 hobgoblins (D:2)
  8 kobolds
  5 frilled lizards
  4 rats
41 creatures vanquished.

Notes
Turn   | Place    | Note
-------+----------+-------------------------------------------
     0 | D:1      | Kirk the Demonspawn Wizard began the quest for the Orb.
     0 | D:1      | Reached XP level 1. HP: 13/13 MP: 4/4
   587 | D:2      | Gained mutation: You regenerate a little health from kills. [demonic ancestry]
   587 | D:2      | Reached XP level 2. HP: 8/19 MP: 1/6
  1247 | D:2      | Gained mutation: You have a pair of small horns on your head. [demonic ancestry]
  1247 | D:2      | Reached XP level 3. HP: 10/24 MP: 0/8
  1795 | D:2      | Reached skill level 4 in Spellcasting
  2000 | D:2      | Reached XP level 4. HP: 30/30 MP: 5/10
  2258 | D:3      | Noticed Grinder
  2461 | D:2      | Learned a level 2 spell: Blink
  2465 | D:2      | Learned a level 3 spell: Conjure Flame
  2469 | D:2      | Learned a level 3 spell: Mephitic Cloud
  2578 | D:3      | Slain by a gnoll

Skill      XL: |  1  2  3  4 |
---------------+-------------+-----
Conjurations   | 2 3 |  3.2
Spellcasting   | 4 |  4.2
Short Blades   | |  0.1
Dodging        | |  1.7
Stealth        | |  1.7
Summonings     | |  1.0
Translocations | |  0.8

Action                   |  1- 3 |  4- 6 || total
-------------------------+-------+-------++-------
Melee: Short sword       |    37 |     5 ||    42
       Headbutt          |     3 |     1 ||     4
 Cast: Magic Dart        |    71 |    41 ||   112
  Use: Potion            |     1 |       ||     1
       Scroll            |       |     3 ||     3
  Eat: Chunk             |     3 |     2 ||     5
Armor: Robe              |    10 |     6 ||    16
Dodge: Dodged            |    29 |     9 ||    38
